 Seeded DCSS version 0.30-a0-187-gd9c2deaf24 (webtiles) character file.

Game seed: 20220925 (custom seed)

391 a11behringer the Ducker (level 7, -6/50 HPs)
             Began as a Djinni Gladiator on Oct 3, 2022.
             Was an Initiate of Gozag.
             Mangled by an iguana (12 damage)
             ... on level 5 of the Dungeon.
             The game lasted 00:13:14 (4138 turns).

a11behringer the Ducker (Djinni Gladiator)          Turns: 4138, Time: 00:13:15

Health: -6/50      AC:  4    Str: 13    XL:     7   Next: 8%
Gold:   142        EV: 13    Int: 17    God:    Gozag SH:  0 Dex: 15

rFire   + + .      SeeInvis .    a - +0 long sword
rCold   x . .      Faith    .    (no shield)
rNeg    . . .      Spirit   .    b - +0 leather armour
rPois   ∞          Reflect  .    (helmet currently unavailable)
rElec   .          Harm     .    (no cloak)
rCorr   .          Rampage  .    s - +0 pair of gloves
Will    .....                    (boots unavailable)
Stlth   +.........               (no amulet)
HPRegen 0.28/turn                p - +6 ring of intelligence
MPRegen 0.00/turn                (no ring)

@: appendages, flying
A: horns 2, flying, sickness immunity, fire resistance 2, cold vulnerability 1,
float, innate caster, HP casting, extra vitality 1
a: End Transformation, Renounce Religion, Potion Petition, Call Merchant, Bribe
Branch


You were on level 5 of the Dungeon.
You worshipped Gozag.
Gozag was aware of your devotion.
You had temporarily grown beastly horns.
You visited 2 branches of the dungeon, and saw 6 of its levels.

You collected 219 gold pieces.
You spent 28 gold pieces at shops.
You paid 49 gold pieces to Gozag.

Inventory:

Hand Weapons
 a - a +0 long sword (weapon)
Missiles
 d - 3 throwing nets
 e - a javelin (quivered)
 f - an atropa-tipped dart
 k - 3 poisoned darts
 u - 3 boomerangs
Armour
 b - a +0 leather armour (worn)
 c - a +0 helmet (melded)
 s - a +0 pair of gloves (worn)
Jewellery
 p - a +6 ring of intelligence (left hand)
 w - a +4 ring of protection
Scrolls
 i - 2 scrolls of magic mapping {unknown}
 j - 3 scrolls of poison {unknown}
 n - a scroll of fear {unknown}
 o - 5 scrolls of amnesia
 r - a scroll of vulnerability {unknown}
 y - a scroll of silence {unknown}
Potions
 h - a potion of cancellation {unknown}
 l - 3 potions of degeneration
 m - a potion of brilliance {unknown}
 q - a potion of magic
 t - a potion of heal wounds
 v - 2 potions of invisibility
 x - a potion of ambrosia {unknown}


   Skills:
 + Level 3.0 Fighting
 * Level 4.2 Long Blades
 + Level 2.5 Throwing
 + Level 2.1 Armour
 + Level 4.2 Dodging
 * Level 1.9 Spellcasting


You had 3 spell levels left.
You knew the following spells:

 Your Spells              Type           Power      Damage    Failure   Level
a - Beastly Appendage     Tmut           16%        N/A       11%         1
b - Poisonous Vapours     Pois/Air       16%        N/A       17%         2
c - Portal Projectile     Hex/Tloc       16%        N/A       32%         3
Your spell library was empty.

Dungeon Overview and Level Annotations

Branches:
Dungeon (5/15)             Temple (1/1) D:4

Altars:
Cheibriados
Elyvilon
Gozag
Hepliaklqana
Okawaru
Trog
Uskayaw
Wu Jian
Yredelemnul

Shops:
D:2 (   D:4 !!=?=


Innate Abilities, Weirdness & Mutations

You have temporarily grown beastly horns.
You are flying.
You are immune to sickness and miasma.
You are immune to poison.
Your flesh is very heat resistant. (rF++)
You are vulnerable to cold. (rC-)
You float through the air rather than walking.
You learn spells naturally, not from books.
Your magical power is your life essence.
You have superior vitality. (+4 MHP)


Message History

You hit the iguana but do no damage. The iguana misses you.
You slash the iguana!
The iguana is moderately wounded.
The iguana closely misses you.
You hit the iguana.
The iguana is moderately wounded.
The iguana bites you! The shadow imp closely misses you.
The shadow imp misses you. The iguana bites you.
You closely miss the iguana.
The iguana is moderately wounded.
The iguana bites you. The shadow imp closely misses you.
You hit the iguana but do no damage.
The iguana is moderately wounded.
The iguana bites you. The shadow imp hits you.
You hit the iguana.
The iguana is heavily wounded.
The iguana bites you!
The shadow imp hits you but does no damage.
You hit the iguana.
The iguana is severely wounded.
You hear the slow rusting of a drain very nearby.
The iguana bites you.
* * * LOW HITPOINT WARNING * * *
The shadow imp barely misses you.
Casting: Portal Projectile (dangerous; 32% risk of failure)
Confirm with . or Enter, or press ? or * to list all spells.
You grow a pair of large bovine horns.
Your +0 helmet melds into your body.
* * * LOW HITPOINT WARNING * * *
The iguana misses you.
You hit the iguana.
The iguana is severely wounded.
The iguana bites you!
* * * LOW HITPOINT WARNING * * *
The iguana closely misses you.
You barely miss the iguana. You punch the iguana.
The iguana is severely wounded.
The iguana hisses menacingly.
The iguana bites you!
You die...
Your body crumbles into a pile of gold.

...# #..# #..# ...#
#..# ####..# #...5.#
#l# #@# #####.#
######### #...#.##
#.......#
#...###.#####.#
#...#....# #.#
.###.....#.># #.#
#............# #.#
#.####>.#.##.####.####
#..#.# .#.......#


You could see an iguana and a shadow imp.

Vanquished Creatures
  An ogre (D:2)
  An orc priest (D:4)
  4 hounds (D:4)
  An iguana (D:5)
  An orc wizard (D:3)
  An adder (D:3)
  2 worms (D:4)
  5 dart slugs
  7 orcs
  3 ball pythons
  4 bats
  7 endoplasms
  6 giant cockroaches
  A goblin (D:2)
  11 hobgoblins
  6 jackals
  7 kobolds
  2 quokkas
  4 frilled lizards
  5 rats
79 creatures vanquished.

Notes
Turn   | Place    | Note
-------+----------+-------------------------------------------
     0 | D:1      | a11behringer the Djinni Gladiator began the quest for the
                  | Orb.
     0 | D:1      | Reached XP level 1. HP: 18/18 MP: 0/0
   180 | D:1      | Reached XP level 2. HP: 23/23 MP: 0/0
   333 | D:1      | Reached XP level 3. HP: 28/28 MP: 0/0
   333 | D:1      | Learned a level 1 spell: Beastly Appendage
  1206 | D:2      | Found a faded altar of an unknown god.
  1233 | D:2      | Found Iceqin's Weapon Emporium.
  1280 | D:2      | Reached skill level 1 in Armour
  1468 | D:2      | Reached XP level 4. HP: 28/34 MP: 0/0
  1559 | D:2      | Noticed an ogre
  1568 | D:2      | HP: 1/34 [ogre/+0 giant spiked club (3)]
  1573 | D:2      | Killed an ogre
  1574 | D:2      | Reached skill level 1 in Spellcasting
  1574 | D:2      | Reached XP level 5. HP: 4/39 MP: 0/0
  1574 | D:2      | Learned a level 2 spell: Poisonous Vapours
  2404 | D:3      | Reached XP level 6. HP: 45/45 MP: 0/0
  2830 | D:4      | Found Nacoxo's Distillery.
  2834 | D:4      | Found Fuext's Jewellery Shoppe.
  3073 | D:4      | Found a hazy altar of Hepliaklqana.
  3148 | D:4      | Found a staircase to the Ecumenical Temple.
  3170 | Temple   | Entered the Ecumenical Temple
  3222 | Temple   | Became a worshipper of Gozag Ym Sagoz the Greedy
  3410 | D:4      | Found Peutral's Distillery.
  3605 | D:4      | Found Suijecw's Magic Scroll Boutique.
  3612 | D:4      | Found Rocipn's Jewellery Emporium.
  3613 | D:4      | Bought a scroll of identify for 28 gold pieces
  3676 | D:4      | Reached XP level 7. HP: 35/50 MP: 0/0
  3676 | D:4      | Learned a level 3 spell: Portal Projectile
  4036 | D:5      | Entered Level 5 of the Dungeon
  4138 | D:5      | Mangled by an iguana

Illustrated notes

Levels and vault maps discovered:
D:1:      dpeg_arrival_three_bigger_balls, layout_basic
D:2:      layout_basic, serial_shops, shop, dreamdust_ecumenical_altar_statues,
          minmay_heptomino_d4
D:3:      layout_rooms, chequers_mini_garden
D:4:      layout_basic, worldfamousw_hep_ancestral_shrine,
          minmay_temple_entry_slanted, serial_shops, nicolae_stop_n_shop_1,
          shop, kennysheep_mini, nicolae_shop_temple_entry_statues_fountains,
          shop
D:5:      layout_loops_corners, mainiacjoe_overflow_six_doors_small,
          mainiacjoe_overflow_small_starburst, old_standard_altar,
          gup_sewer_entry_spiral
Temple:   nicolae_temple_bog_church

Skill      XL: |  1  2  3  4  5  6 |
---------------+-------------------+-----
Long Blades    | 3 4 |  4.2
Armour         | 1 2 |  2.1
Throwing       | 2 |  2.5
Spellcasting   | 1 |  1.9
Dodging        | 4 |  4.2
Fighting       | 3 |  3.0

Action                   |  1- 3 |  4- 6 |  7- 9 || total
-------------------------+-------+-------+-------++-------
Melee: Long sword        |   105 |   159 |    20 ||   284
       Headbutt          |     1 |     5 |       ||     6
       Punch             |       |       |     1 ||     1
Throw: Dart              |       |     2 |       ||     2
       Javelin           |       |     1 |       ||     1
 Cast: Beastly Appendage |     1 |     2 |     1 ||     4
       Poisonous Vapours |       |     1 |       ||     1
  Use: Scroll            |       |     5 |       ||     5
 Stab: Sleeping          |     2 |       |     1 ||     3
Armor: Leather armour    |    29 |    48 |     3 ||    80
Dodge: Dodged            |    69 |   117 |    15 ||   201

Table legend: (Time is in decaauts)
 A = Elapsed time spent in this place.
 B = Non-inter-level travel time spent in this place.
 C = Inter-level travel time spent in this place.
 D = Time resting spent in this place.
 E = Time spent auto-exploring this place.
 F = Levels seen in this place.
 G = Mean time per level.
                   A        B        C        D        E       F      G
               +--------+--------+--------+--------+--------+-----+--------+
         Total |   4200 |   3804 |    396 |      0 |   3153 |   6 |  700.0 |
       Dungeon |   4095 |   3789 |    306 |      0 |   3143 |   5 |  819.0 |
        Temple |    104 |     14 |     90 |      0 |     10 |   1 |  104.0 |
               +--------+--------+--------+--------+--------+-----+--------+

Top non-repeatable levels by time:
     D:4: 1231 daAuts
     D:1: 1199 daAuts
     D:2: 962 daAuts
     D:3: 597 daAuts
     D:5: 104 daAuts
  Temple: 104 daAuts
